 Dungeon Crawl Stone Soup version 0.19.1 (webtiles) character file.

15205 glosham the Brawler (level 11, -2/111 HPs)
             Began as a Troll Berserker on Dec 1, 2016.
             Was a High Priest of Trog.
             Killed by divine providence
             ... invoked by a meliai
              (19 damage)
             ... on level 13 of the Dungeon.
             The game lasted 01:19:46 (3310 turns).

glosham the Brawler (Troll Berserker)               Turns: 3310, Time: 01:19:46

Health: -2/111     AC: 14    Str: 29    XL:     11   Next: 98%
Magic:  10/10      EV:  6    Int:  3    God:    Trog [*****.]
Gold:   532        SH: 10    Dex: 14    Spells: 0 memorised, 10 levels left

rFire  x . .     SeeInvis +       - Unarmed
rCold  + + .     Gourm    +     X - +1 ice dragon scales of Filth {rF- rC++ rN+ MR+ Slay+3 Stlth+} (curse)
rNeg   + . .     Faith    .     Z - +1 shield {AC+3}
rPois  .         Spirit   .     (helmet restricted)
rElec  .         Reflect  .     Y - +1 cloak
rCorr  .         Harm     +     (gloves unavailable)
MR     +....     Rnd*Rage +     (boots unavailable)
Stlth  +.........               z - amulet of harm
                                B - ring of wizardry
                                A - ring of see invisible

@: exhausted
A: unfitting armour, claws 3, agile 1, berserk 1, deformed body, fast metabolism
3, gourmand, regeneration 1, shaggy fur 1, strong 1, tough skin 2
a: Berserk, Trog's Hand, Brothers in Arms, Burn Spellbooks, Renounce Religion


You were on level 13 of the Dungeon.
You worshipped Trog.
Trog was extremely pleased with you.
You were completely stuffed.

You visited 2 branches of the dungeon, and saw 17 of its levels.
You also visited: Labyrinth and Bailey.

You collected 532 gold pieces.

Inventory:

Hand Weapons
 x - the +5 quarterstaff of Rucal {crush, rElec rC+ rN+ MR+, unknown}
   (You found it in a bailey)

   It inflicts extra damage upon your enemies.
   It protects you from cold.
   It insulates you from electricity.
   It protects you from negative energy.
   It affects your resistance to hostile enchantments.
 y - the cursed +2 shortbow "Beastslayer" {venom, +Blink Dex+2 Stlth-, unknown}
   (You found it in a bailey)

   It poisons the ammo it fires.
   It affects your dexterity (+2).
   It lets you blink.
   It makes you less stealthy.
   It has a curse placed upon it.
 I - the +5 dagger "Gram" {speed, rF+ SInv, unknown}
   (You found it in a labyrinth)

   Attacks with this weapon are significantly faster.
   It protects you from fire.
   It lets you see invisible.
Missiles
 n - 8 tomahawks of returning
 o - 10 poisoned needles
 q - 8 needles of paralysis
 r - 12 tomahawks (quivered)
 Q - 4 large rocks
Armour
 a - a +0 animal skin
 w - a +0 large shield
 X - the cursed +1 ice dragon scales of Filth (worn) {rF- rC++ rN+ MR+ Slay+3 Stlth+}
   (You found it in a bailey)

   It affects your accuracy and damage with ranged weapons and melee attacks
   (+3).
   It makes you vulnerable to fire.
   It greatly protects you from cold.
   It protects you from negative energy.
   It affects your resistance to hostile enchantments.
   It makes you more stealthy.
   It has a curse placed upon it.
 Y - a +1 cloak (worn)
 Z - a +1 shield of protection (worn)
Rods
 E - a +3 rod of ignition (10/10) {!a}
   (You took it off a minotaur in a labyrinth)
Jewellery
 j - an uncursed amulet of faith {unknown}
 z - an amulet of harm (around neck)
 A - a ring of see invisible (left claw)
 B - a ring of wizardry (right claw)
 O - an uncursed ring of protection from fire {unknown}
Wands
 g - a wand of disintegration (19/24)
 p - a wand of acid (10/15)
 G - a wand of paralysis (9/24)
 H - a wand of lightning (8/15)
 M - a wand of flame (19/48)
Scrolls
 l - 3 scrolls of enchant weapon
 m - a scroll of remove curse
 t - 4 scrolls of teleportation
 D - 2 scrolls of blinking
 K - a scroll of holy word
Potions
 c - 2 potions of curing
 d - a potion of lignification
 e - 3 potions of heal wounds
 f - a potion of invisibility
 i - a potion of might {unknown}
 s - a potion of flight {unknown}
 u - 2 potions of berserk rage {unknown}
 C - a potion of mutation {unknown}
 L - a potion of cure mutation {unknown}
 N - a potion of brilliance {unknown}
 P - a potion of degeneration {unknown}
Books
 k - a book of Flames

   Spells                             Type                      Level
   a - Flame Tongue                   Conjuration/Fire             1
   b - Throw Flame                    Conjuration/Fire             2
   c - Conjure Flame                  Conjuration/Fire             3
   d - Inner Flame                    Hexes/Fire                   3
   e - Sticky Flame                   Conjuration/Fire             4
   f - Fireball                       Conjuration/Fire             5
   Trog disapproves of the use of such an item.
 F - a book of Changes

   Spells                             Type                      Level
   a - Beastly Appendage              Transmutation                1
   b - Sticks to Snakes               Transmutation                2
   c - Spider Form                    Transmutation/Poison         3
   d - Ice Form                       Ice/Transmutation            4
   e - Blade Hands                    Transmutation                5
   Trog disapproves of the use of such an item.
 J - a book of Unlife

   Spells                             Type                      Level
   a - Recall                         Summoning/Translocation      3
   b - Animate Dead                   Necromancy                   4
   c - Control Undead                 Necromancy                   4
   d - Cigotuvi's Embrace             Necromancy                   5
   e - Death Channel                  Necromancy                   6
   f - Simulacrum                     Ice/Necromancy               6
   Trog disapproves of the use of such an item.
Comestibles
 b - 10 bread rations
 h - 4 meat rations
 v - a beef jerky


   Skills:
 - Level 7.8 Fighting
 * Level 0.0 Throwing
 - Level 1.2 Armour
 - Level 2.4 Dodging
 - Level 1.2 Shields
 - Level 16.5 Unarmed Combat


You had 10 spell levels left.
You didn't know any spells.

Dungeon Overview and Level Annotations

Branches:
Dungeon (14/15)              Lair (3/6) D:9           Swamp (0/4) Lair:3
    Orc (0/2) D:11
 Temple: D:4-7        Snake: Lair:2-4    Spider: Lair:2-4    Vaults: D:13-14

Altars:
Cheibriados


Innate Abilities, Weirdness & Mutations

You are too large for most types of armour.
You have claws for hands.
Your metabolism is lightning-fast.
You like to eat raw meat.
Your natural rate of healing is unusually fast.
You are covered in fur. (AC +1)
You have very tough skin. (AC +2)
You are agile. (Dex +2)
You tend to lose your temper in combat.
Armour fits poorly on your strangely shaped body.
Your muscles are strong. (Str +2)


Message History

You see here a large rock.
The cyclops throws a large rock.
The large rock closely misses you.
The cyclops throws a large rock.
The large rock closely misses you.
The cyclops hits you but does no damage.
Found a ring mail.
You mangle the cyclops!!
The cyclops is heavily wounded.
You block the cyclops's attack.
You claw the cyclops!
The cyclops is severely wounded.
The cyclops hits you!
You claw the cyclops!
The cyclops is almost dead.
The cyclops hits you!!
* * * LOW HITPOINT WARNING * * *
Your shield prevents you from hitting the cyclops.
The cyclops is almost dead.
You block the cyclops's attack.
You mangle the cyclops!!
You kill the cyclops!
Trog accepts your kill.
You see here a large rock.
Q - a large rock
Q - 2 large rocks (gained 1)
You feel yourself speed up.
Q - 3 large rocks (gained 1)
Q - 4 large rocks (gained 1)
There is an open door here.
You hear a distant slurping noise.
There is a stone staircase leading up here.
You climb upwards.
The meliai buzzes angrily. x3; You hear a roar!
The meliai invokes the aid of its god against you.
Something smites you!
The meliai calls down the wrath of its god upon you.
Something smites you!
* * * LOW HITPOINT WARNING * * *
The meliai mumbles some strange prayers to its god against you.
Something smites you!
You die...

..#>.....#
##..# ....#
..... #...
#..# #..#
#..# #@.#
#..# ...y.
...y....
####...y..#
..##..# ..#
..# ..# .#


You could see 3 meliai.

Vanquished Creatures
  A minotaur (Lab)
  A catoblepas (Lair:3)
  The ghost of glosham the Grappler, a novice TrBe of Trog (D:11)
  A centaur warrior (D:14)
  A hill giant (D:13)
  An unseen horror (D:13)
  3 orc knights (Bailey)
  An elephant (D:9)
  A cyclops (D:14)
  An ugly thing (D:12)
  Joseph (D:8)
  2 spiny frogs (Lair:3)
  A komodo dragon (Lair:3)
  5 kobold demonologists
  A troll (D:12)
  A hippogriff (D:9)
  A centaur simulacrum (D:14)
  A wyvern (D:9)
  The ghost of glosham the Ruffian, an amateur TrBe of Trog (D:5)
  8 yaks
  A basilisk (D:14)
  A redback simulacrum (D:14)
  Menkaure (D:5)
  4 insubstantial wisps (Lair:3)
  A water moccasin (D:9)
  3 porcupines
  A meliai simulacrum (D:14)
  8 orc warriors
  An ice beast (D:14)
  A phantom (D:8)
  A wolf (D:14)
  An ogre (D:12)
  The ghost of Alethiolet the Insei, an amateur DgTm (D:3)
  A centaur (D:5)
  3 crocodiles
  4 big kobolds (D:12)
  Blork the orc (D:4)
  2 bullfrogs
  A scorpion (D:14)
  5 killer bees
  4 electric eels
  A howler monkey (D:4)
  A bullfrog zombie (D:8)
  A jelly (D:11)
  2 crimson imps
  A hound (D:13)
  2 orc wizards (D:14)
  4 orc priests
  A gnoll shaman (D:5)
  An iguana (D:9)
  8 worker ants
  5 adders
  14 gnolls
  An ooze (D:2)
  2 worms
  2 dart slugs
  4 leopard geckos
  13 orcs
  2 giant cockroaches
  13 hobgoblins
  3 jackals (D:2)
  A quokka (D:2)
  2 ball pythons
  3 bats
  11 goblins
  4 kobolds
  4 rats
186 creatures vanquished.

Vanquished Creatures (others)
  A fungus (Lair:3)
1 creature vanquished.

Grand Total: 187 creatures vanquished

Notes
Turn   | Place    | Note
-------+----------+-------------------------------------------
     0 | D:1      | glosham the Troll Berserker began the quest for the Orb.
     0 | D:1      | Reached XP level 1. HP: 22/22 MP: 0/0
    35 | D:1      | Reached XP level 2. HP: 25/29 MP: 1/1
   113 | D:2      | Found a snail-covered altar of Cheibriados.
   121 | D:3      | Reached skill level 4 in Unarmed Combat
   140 | D:3      | Reached ** piety under Trog
   170 | D:3      | Reached XP level 3. HP: 36/36 MP: 2/2
   310 | D:2      | Reached XP level 4. HP: 44/44 MP: 3/3
   332 | D:3      | Noticed Alethiolet's ghost (amateur DgTm)
   345 | D:3      | Killed Alethiolet's ghost
   345 | D:3      | Reached skill level 5 in Unarmed Combat
   345 | D:3      | Reached XP level 5. HP: 50/50 MP: 4/4
   435 | D:4      | Noticed Blork the orc
   439 | D:4      | Killed Blork the orc
   439 | D:4      | Reached skill level 6 in Unarmed Combat
   473 | D:4      | Reached XP level 6. HP: 59/59 MP: 5/5
   488 | D:5      | Entered Level 5 of the Dungeon
   539 | D:5      | Noticed glosham's ghost (amateur TrBe)
   541 | D:5      | Reached skill level 7 in Unarmed Combat
   546 | D:5      | Killed glosham's ghost
   546 | D:5      | Reached skill level 8 in Unarmed Combat
   546 | D:5      | Reached XP level 7. HP: 66/66 MP: 6/6
   568 | D:5      | Noticed Menkaure
   592 | D:5      | Killed Menkaure
   672 | D:8      | Noticed Joseph
   678 | D:8      | Killed Joseph
   678 | D:8      | Reached skill level 9 in Unarmed Combat
   678 | D:8      | Reached XP level 8. HP: 74/74 MP: 7/7
   679 | D:8      | Reached skill level 10 in Unarmed Combat
   701 | D:8      | Reached *** piety under Trog
   852 | D:9      | Noticed a hippogriff
   860 | D:9      | Killed a hippogriff
   860 | D:9      | Reached skill level 11 in Unarmed Combat
   928 | D:10     | Entered Level 10 of the Dungeon
   946 | D:10     | You fall through a shaft!
  1208 | D:11     | Found a staircase to the Orcish Mines.
  1210 | D:11     | Noticed glosham's ghost (novice TrBe)
  1246 | D:11     | Killed glosham's ghost
  1246 | D:11     | Reached skill level 12 in Unarmed Combat
  1246 | D:11     | Reached XP level 9. HP: 43/80 MP: 8/8
  1247 | D:11     | Noticed a cyclops
  1307 | D:9      | Reached skill level 3 in Fighting
  1312 | D:9      | Noticed an elephant
  1314 | D:9      | Reached skill level 13 in Unarmed Combat
  1324 | D:9      | Killed an elephant
  1324 | D:9      | Received a gift from Trog
  1324 | D:9      | Reached skill level 4 in Fighting
  1336 | D:9      | Found a staircase to the Lair.
  1425 | D:9      | Reached XP level 10. HP: 93/93 MP: 9/9
  1594 | D:9      | Found a flagged portal.
  1601 | Bailey   | Entered a bailey
  1639 | Bailey   | Found an iron altar of Okawaru.
  1640 | Bailey   | Noticed a soul eater
  1647 | Bailey   | Reached skill level 14 in Unarmed Combat
  1925 | Bailey   | Noticed an orc knight
  1942 | Bailey   | Killed an orc knight
  1942 | Bailey   | Reached skill level 5 in Fighting
  1943 | Bailey   | Reached **** piety under Trog
  1992 | Bailey   | Noticed an orc knight
  1996 | Bailey   | Killed an orc knight
  2024 | Bailey   | Noticed an orc knight
  2034 | Bailey   | Killed an orc knight
  2098 | Bailey   | Got faintly glowing ice dragon scales
  2109 | Bailey   | Identified the cursed +1 ice dragon scales of Filth {rF- rC++ rN+ MR+ Slay+3 Stlth+} (You found it in a bailey)
  2119 | Bailey   | Got a steaming quarterstaff
  2121 | Bailey   | Got a transparent shortbow
  2200 | Lair:1   | Entered Level 1 of the Lair of Beasts
  2247 | Lair:3   | Noticed a spiny frog
  2254 | Lair:3   | Killed a spiny frog
  2255 | Lair:3   | Noticed a catoblepas
  2262 | Lair:3   | Killed a catoblepas
  2262 | Lair:3   | Reached skill level 6 in Fighting
  2262 | Lair:3   | Reached skill level 1 in Armour
  2262 | Lair:3   | Reached skill level 1 in Shields
  2262 | Lair:3   | Reached skill level 15 in Unarmed Combat
  2262 | Lair:3   | Reached XP level 11. HP: 93/105 MP: 10/10
  2339 | Lair:3   | Found a labyrinth entrance.
  2342 | Lair:3   | Found a staircase to the Swamp.
  2368 | Lab      | Entered a labyrinth
  2724 | Lab      | Noticed a minotaur
  2730 | Lab      | Killed a minotaur
  2747 | Lab      | Got a smoking dagger
  2857 | D:10     | You fall through a shaft for 3 floors!
  2866 | D:13     | Noticed a hill giant
  2874 | D:13     | Killed a hill giant
  2916 | D:12     | Reached skill level 7 in Fighting
  2953 | D:12     | Noticed a white ugly thing
  2960 | D:12     | Killed a white ugly thing
  2979 | D:12     | Gained mutation: You are agile. (Dex +2) [mutagenic meat]
  2980 | D:12     | Gained mutation: You tend to lose your temper in combat. [mutagenic meat]
  2981 | D:12     | Gained mutation: Your muscles are strong. (Str +2) [mutagenic meat]
  2982 | D:12     | Gained mutation: Armour fits poorly on your strangely shaped body. [mutagenic meat]
  3015 | D:13     | Noticed an unseen horror
  3019 | D:13     | Killed an unseen horror
  3019 | D:13     | Reached skill level 16 in Unarmed Combat
  3123 | D:14     | Noticed a centaur warrior
  3129 | D:14     | Killed a centaur warrior
  3251 | D:14     | Reached ***** piety under Trog
  3310 | D:13     | Killed from afar by a meliai

Skill      XL: |  1  2  3  4  5  6  7  8  9 10 11 |
---------------+----------------------------------+-----
Unarmed Combat | 4 5 6 8 9 12 13 15 16 | 16.5
Fighting       | 4 6 7 |  7.8
Armour         | 1 |  1.2
Shields        | 1 |  1.2
Dodging        | |  2.4

Action                   |  1- 3 |  4- 6 |  7- 9 | 10-12 || total
-------------------------+-------+-------+-------+-------++-------
Melee: Unarmed           |    58 |    29 |   109 |   238 ||   434
       Punch             |     4 |       |     2 |       ||     6
Throw: Tomahawk          |       |       |       |     4 ||     4
Invok: Berserk           |     1 |     3 |     6 |     5 ||    15
  Use: Scroll            |     4 |     1 |     7 |     5 ||    17
       Potion            |       |       |       |     1 ||     1
 Stab: Invisible         |       |       |       |     1 ||     1
  Eat: Chunk             |     7 |     6 |    13 |    29 ||    55
Armor: Animal skin       |    22 |     4 |    12 |     9 ||    47
       Ice dragon scales |       |       |       |    60 ||    60
Dodge: Dodged            |    28 |    29 |    25 |    35 ||   117
Block: Shield            |       |       |    10 |    70 ||    80

Table legend:
 A = Turns spent in this place as a percentage of turns spent in the entire game.
 B = Non-inter-level travel turns spent in this place as a percentage of non-inter-level travel turns spent in the entire game.
 C = Inter-level travel turns spent in this place as a percentage of turns spent in this place.
 D = Turns resting spent in this place as a percentage of non-inter-level travel turns spent in this place.
 E = Turns spent auto-exploring this place as a percentage of non-inter-level travel turns spent in this place.
 F = Non-inter-level travel turns spent in this place divided by the number of levels of this place that you've seen.
                   A       B       C       D       E      F
               +-------+-------+-------+-------+-------+----------------------
         Total | 100.0 | 100.0 |   0.1 |   0.7 |   0.0 | 159.0
       Dungeon |  62.8 |  62.7 |   0.2 |   0.5 |   0.0 | 135.4
          Lair |   8.9 |   8.9 |   0.0 |   0.0 |   0.0 |  89.7
     Labyrinth |  13.2 |  13.2 |   0.0 |   0.0 |   0.0 | 399.0
        Bailey |  15.1 |  15.2 |   0.0 |   2.4 |   0.0 | 458.0
               +-------+-------+-------+-------+-------+----------------------

Table legend:
 A = Kills in this place as a percentage of kills in entire the game.
 B = Kills by you in this place as a percentage of kills by you in the entire game.
 C = Kills by friends in this place as a percentage of kills by friends in the entire game.
 D = Other kills in this place as a percentage of other kills in the entire game.
 E = Experience gained in this place as a percentage of experience gained in the entire game.
 F = Experience gained in this place divided by the number of levels of this place that you have seen.
                   A       B       C       D       E      F
               +-------+-------+-------+-------+-------+----------------------
         Total | 100.0 | 100.0 |  -nan |  -nan | 100.0 | 1143.3
       Dungeon |  69.9 |  69.9 |  -nan |  -nan |  61.8 | 959.1
          Lair |   7.0 |   7.0 |  -nan |  -nan |  15.6 | 1127.3
     Labyrinth |   0.5 |   0.5 |  -nan |  -nan |   5.1 | 1118.0
        Bailey |  22.6 |  22.6 |  -nan |  -nan |  17.5 | 3794.0
               +-------+-------+-------+-------+-------+----------------------

Vault maps used:
D:1:      erik_arrival_blinker_ship, st_stairs_1
D:2:      kennysheep_slug_shrine, nicolae_ru_sacrificial_ziggurat,
          minmay_misc_feat_pillars, hangedman_decor_points,
          nicolae_underground_beach
D:3:      okawaru_trees_1, lemuel_blue_sif_altar
D:4:      kennysheep_mini, minmay_misc_feat_more_columns, uniq_blork_the_orc
D:5:      nicolae_overflow_crystal_walls, basic_altar, first_bread,
          corner_web_ring, uniq_menkaure
D:6:      gammafunk_temple_overflow_statue, gup_ossuary_entry_pyramid,
          fedhas_altar_2
D:7:      nicolae_gozag_cash_rules_everything_around_me
D:8:      kiku_gazebo_pond_becter, uniq_joseph, uniq_pikel, uniq_psyche
D:9:      david_lair_generic, enter_bailey_2
D:10:     uniq_harold
D:11:     orc_0_dummy, serial_shops, shop, jiyva_altar_1
D:13:     hourglass_vault, david_vaults_5, uniq_rupert, uniq_snorg, uniq_azrael,
          uniq_maurice
D:14:     serial_ice, serial_ice_o, serial_ice_j, serial_ice_m, serial_ice_d,
          serial_ice_h, portal_ice_cave_rime, david_nohive_1
Lair:1:   lemuel_fruit_tree, uniq_fannar, uniq_grum
Lair:2:   dummy_spider_entry
Lair:3:   minmay_swamp_entry_wisps, lab_entry_generic, lemuel_fruit_fields
Lab:      nicolae_lab_dead_adventurers
Bailey:   bailey_axe_of_yendor_kennysheep, bailey
